[Event "*** Titled Tuesday Blitz"]
[Site "Chess.com"]
[Date "2020.04.21"]
[Round "1"]
[White "cukin84"]
[Black "bazar-wokzal"]
[Result "0-1"]
[WhiteElo "2119"]
[BlackElo "2523"]
[TimeControl "180+1"]
[EndTime "10:06:13 PDT"]
[Termination "bazar-wokzal won by resignation"]

1. e4 c5 2. Nc3 g6 3. f4 Bg7 4.
Nf3 Nc6 5. Bb5 Nd4 6. Bc4 d6 7. O-O Nh6 8. d3 Bg4 9. Kh1 Bxf3 10. gxf3 Rb8 11. a4 a6 12. f5 b5 13. axb5 axb5 14.
Bd5 e6 15. fxe6 fxe6 16. Ra7 O-O 17. Ba2 Ra8 18. Rxg7+ Kxg7 19. Qe1 b4 20. Bd5 bxc3 21. Bxa8 cxb2 22. Bxb2 Qxa8 23. c3 Nxf3 24. Qe3 Ng4 25.
Qe2 Nfxh2 26. Ra1 Qb7 27. c4+ e5 28. Bc1 Rf1+ 29. Kg2 Rf2+ 0-1

[Event "*** Titled Tuesday Blitz"]
[Site "Chess.com"]
[Date "2020.04.21"]
[Round "1"]
[White "IM_Tissir"]
[Black "Halvard"]
[Result "1-0"]
[WhiteElo "2513"]
[BlackElo "2083"]
[TimeControl "180+1"]
[EndTime "10:06:13 PDT"]
[Termination "IM_Tissir won by resignation"]

1. e4 c5 2. Nc3 a6 3. Nf3 d6 4. d4 cxd4 5. Nxd4 Nf6 6. Bc4 b5 7. Bb3 Bb7 8. O-O Nbd7 9. Re1 Nc5 10.
f4 Ncxe4 11. Nxe4 Nxe4 12. f5 Nc5 13. c3 Qc7 14. Qh5 Nxb3 15. axb3 Bd5 16. Bf4 Qb6 17. f6 Qc5 18. b4 Qc4 19. fxe7 Bxe7 20. Bxd6 Be6 21. Rxe6 1-0

[Event "*** Titled Tuesday Blitz"]
[Site "Chess.com"]
[Date "2020.04.21"]
[Round "1"]
[White "axvesik"]
[Black "Infernal_XaM"]
[Result "0-1"]
[WhiteElo "2466"]
[BlackElo "2943"]
[TimeControl "180+1"]
[EndTime "10:06:14 PDT"]
[Termination "Infernal_XaM won by resignation"]

1. e4 e5 2. Nf3 Nf6 3. Nxe5 Nxe4 4. Qe2 Qe7 5. Qxe4 d6 6. d4 dxe5 7. dxe5 Nc6 8. Bf4 g5 9. Bg3 f5 10. Qe2 f4 11. Nc3 fxg3 12. O-O-O Bg7 13. Nd5 Qxe5 14. Nxc7+ Kf7 15. Qf3+ Bf6 16. Qb3+ Kg7 17. Nxa8 gxf2 18. Bd3 Nd4 19. Qc4 Bg4 20. Qc7+ Kh6 21. Qxb7 Ne6 22. Rdf1 Nc5 23. Qb5 Qe3+ 24. Kb1 Rxa8 25. Qc6 Qd4 0-1

[Event "*** Titled Tuesday Blitz"]
[Site "Chess.com"]
[Date "2020.04.21"]
[Round "1"]
[White "emperor87"]
[Black "Jabberwockiez"]
[Result "1-0"]
[WhiteElo "2619"]
[BlackElo "2285"]
[TimeControl "180+1"]
[EndTime "10:06:14 PDT"]
[Termination "emperor87 won by resignation"]

1. Nf3 d5 2. g3 g6 3. Bg2 Bg7 4. O-O c5 5. d4 Nf6 6. dxc5 O-O 7.
c4 dxc4 8. Na3 Na6 9. Nxc4 Nxc5 10. Be3 Nfe4 11. Rc1 b5 12. Nfd2 bxc4 13. Nxe4 Nxe4 14. Bxe4 Rb8 15. Rxc4 Be6 16. Ra4 Rxb2 17. Qxd8 Rxd8 18. a3 Rxe2 19. Rxa7 Bc4 20. a4 Rxe3 21. fxe3 Bxf1 22. Kxf1 Rd1+ 23. Ke2 Ra1 24. a5 Ra2+ 25. Kd3 Ra3+ 26. Kc4 Rxe3 27. Bc6 Re1 28. a6 Rc1+ 29. Kb5 Rb1+ 30.
Ka4 Rc1 31. Bd5 Bd4 32. Rxe7 Ra1+ 33. Kb5 Rb1+ 34. Kc4 Ba1 35. a7 Rc1+ 36. Kd3 Rd1+ 37. Ke2 Rxd5 38. a8=Q+ Kg7 39. Qxd5 1-0

[Event "*** Titled Tuesday Blitz"]
[Site "Chess.com"]
[Date "2020.04.21"]
[Round "1"]
[White "HomayoonTofighi"]
[Black "Fh2411"]
[Result "1-0"]
[WhiteElo "2911"]
[BlackElo "2458"]
[TimeControl "180+1"]
[EndTime "10:06:15 PDT"]
[Termination "HomayoonTofighi won by resignation"]

1. e4 e5 2. Nf3 Nf6 3. Nxe5 d6 4. Nxf7 Kxf7 5. d4 Be7 6. Nc3 Re8 7. Bc4+ Be6 8. Bxe6+ Kxe6 9. O-O Kf7 10. f4 Kg8 11. Qf3 Nc6 12. Be3 Bf8 13. e5 Nd7 14. Rae1 Kh8 15. d5 Ne7 16. e6 Nf6 17. g4 c6 18.
dxc6 bxc6 19. Bd4 Nfd5 20. f5 Nxc3 21. Bxc3 Nd5 22. Bd4 Be7 23. c4 Nb4 24. Qc3 Bf6 25. Bxf6 Qxf6 26. Qxb4 Qd4+ 27. Rf2 Qxg4+ 28. Kh1 Rf8 29. e7 Rfe8 30. Qc3 d5 31. f6 d4 32. f7 1-0

[Event "*** Titled Tuesday Blitz"]
[Site "Chess.com"]
[Date "2020.04.21"]
[Round "1"]
[White "Toro1234"]
[Black "LilRag"]
[Result "1/2-1/2"]
[WhiteElo "2651"]
[BlackElo "2341"]
[TimeControl "180+1"]
[EndTime "10:06:15 PDT"]
[Termination "Game drawn - insufficient material"]

1. d4 Nf6 2. Bg5 e6 3. Nd2 d5 4. e3 Be7 5. Bd3 c5 6. c3 Nc6 7.
f4 h6 8. Bxf6 Bxf6 9. Ngf3 cxd4 10. exd4 O-O 11. O-O Bd7 12. Ne5 Rc8 13. Qe2 Qc7 14.
Kh1 Ne7 15. Rae1 a6 16. Nxd7 Qxd7 17. Nf3 Nf5 18. Bxf5 exf5 19. Ne5 Qa4 20. a3 Rfe8 21. Qd3 g6 22. Rf2 b5 23. Rfe2 Bxe5 24. Rxe5 Rxe5 25.
Rxe5 Qb3 26. Qd2 a5 27. Re3 Qa2 28. h3 Qb1+ 29. Kh2 b4 30. axb4 axb4 31. Qe2 bxc3 32. Re8+ Rxe8 33. Qxe8+ Kg7 34. Qe5+ Kg8 35. bxc3 Qe4 36.
Kg1 Qb1+ 37. Kf2 Qc2+ 38. Kf3 Qxc3+ 39. Kf2 Qd2+ 40. Kg1 Qc1+ 41. Kf2 Qc2+ 42. Kg3 Qe4 43. Kf2 g5 44. fxg5 Qxe5 45. dxe5 hxg5 46. Ke3 Kf8 47. Kd4 Ke7 48. Kxd5 f4 49. Kd4 Ke6 50. Ke4 f6 51.
exf6 Kxf6 52. Kf3 Kf5 53. g3 fxg3 54. Kxg3 Kg6 55. h4 gxh4+ 56. Kxh4 1/2-1/2

[Event "*** Titled Tuesday Blitz"]
[Site "Chess.com"]
[Date "2020.04.21"]
[Round "1"]
[White "Tayson_7"]
[Black "igorcadilhac"]
[Result "1-0"]
[WhiteElo "2649"]
[BlackElo "2311"]
[TimeControl "180+1"]
[EndTime "10:06:17 PDT"]
[Termination "Tayson_7 won on time"]

1. e4 e5 2. Nf3 Nc6 3. Bb5 a6 4.
Ba4 Nf6 5. O-O Be7 6. Re1 b5 7. Bb3 d6 8. c3 O-O 9. h3 Nd7 10. d4 Bf6 11. Bc2 Bb7 12. d5 Ne7 13. b3 Nb6 14. a4 c5 15. a5 Nd7 16. Nbd2 Qc7 17. Nf1 Ng6 18. Ne3 Rfc8 19. c4 b4 20. g3 Rf8 21.
Kg2 Rae8 22. h4 Bd8 23. h5 Ne7 24. Nh2 Bc8 25. Nhg4 Nb8 26. Bb2 f5 27. Nxe5 dxe5 28. d6 Qd7 29. dxe7 Qxe7 30. Nxf5 Bxf5 31. exf5 Nc6 32. Qd5+ Kh8 33. Qxc6 Qg5 34. Be4 1-0

[Event "*** Titled Tuesday Blitz"]
[Site "Chess.com"]
[Date "2020.04.21"]
[Round "1"]
[White "promen1999"]
[Black "LizaSolovyova"]
[Result "0-1"]
[WhiteElo "2922"]
[BlackElo "2481"]
[TimeControl "180+1"]
[EndTime "10:06:18 PDT"]
[Termination "LizaSolovyova won by resignation"]

1. Nf3 f5 2. g3 Nf6 3. Bg2 e6 4. O-O Be7 5. d4 O-O 6. c4 d6 7. b3 Qe8 8. Bb2 Ne4 9. Nc3 Qg6 10. e3 a5 11. Rc1 Nd7 12. Nxe4 fxe4 13. Nd2 Nf6 14. Qc2 d5 15. cxd5 exd5 16. Qxc7 Bb4 17. Rc2 Ng4 18. a3 Bd6 19. Qc3 Qh5 20. h4 g5 21. Nxe4 dxe4 22. Qc4+ Kh8 23. Qd5 Qh6 24.
Qxg5 Qxg5 25. hxg5 Bf5 26. Rfc1 a4 27. b4 Kg7 28. d5+ Kg6 29. Bd4 Kxg5 30. Bc5 Rad8 31. Rc4 Rfe8 32. Rd1 Ne5 33. Rcd4 Nd3 34. Bxd6 Rxd6 35.
Bf1 Ne5 36. Be2 Bg4 37. Bxg4 Nxg4 38. Kg2 h5 39. R1d2 h4 40. gxh4+ Kxh4 41. f3 exf3+ 42. Kxf3 Rxe3+ 43. Kg2 Rg3+ 44. Kf1 Rxa3 45. Rg2 Ra1+ 46. Ke2 Ra2+ 47. Kf3 Rxg2 48. Kxg2 Rxd5 0-1

[Event "*** Titled Tuesday Blitz"]
[Site "Chess.com"]
[Date "2020.04.21"]
[Round "1"]
[White "BaMBoMaTTo"]
[Black "Spring199"]
[Result "1-0"]
[WhiteElo "2727"]
[BlackElo "2381"]
[TimeControl "180+1"]
[EndTime "10:06:18 PDT"]
[Termination "BaMBoMaTTo won by checkmate"]

1. e4 e5 2. Nf3 Nc6 3. Bb5 a6 4. Ba4 Nf6 5. O-O Be7 6. Re1 b5 7. Bb3 O-O 8. h3 d6 9. c3 Nb8 10. d4 Nbd7 11. Nbd2 Bb7 12. Bc2 Re8 13. Nf1 Bf8 14.
Ng3 g6 15. a4 c5 16. d5 c4 17. Bg5 h6 18. Be3 Qc7 19. Qd2 Kh7 20. Ra3 Nc5 21. Rea1 Nfd7 22. h4 Nb6 23. axb5 axb5 24.
h5 Rxa3 25. Rxa3 Ra8 26. hxg6+ fxg6 27. Rxa8 Bxa8 28. Nh2 Nba4 29. Ng4 h5 30. Nf6+ Kh8 31. Bxa4 Nxa4 32. Bh6 Bg7 33. Ne8 Bxh6 34. Qxh6+ Qh7 35.
Qf8+ Qg8 36. Qf6+ Kh7 37. Nxd6 Nxb2 38. Nf7 Nd3 39. Ng5+ Kh6 40. Nf5# 1-0

[Event "*** Titled Tuesday Blitz"]
[Site "Chess.com"]
[Date "2020.04.21"]
[Round "1"]
[White "fabianvivasz"]
[Black "AustrianFalcon"]
[Result "1-0"]
[WhiteElo "2305"]
[BlackElo "2591"]
[TimeControl "180+1"]
[EndTime "10:06:18 PDT"]
[Termination "fabianvivasz won by resignation"]

1. e4 g6 2. d4 Bg7 3. Nc3 d6 4.
f4 Nf6 5. Nf3 O-O 6. Bd3 Na6 7.
e5 Nd7 8. e6 fxe6 9. Ng5 Nf6 10.
h4 Nh5 11. Nxh7 Rf5 12. g4 Kxh7 13. gxh5 Qf8 14. hxg6+ Kg8 15. Bxf5 Qxf5 16. Be3 Nb4 17. Rh2 Qxg6 18. Qe2 Qg3+ 19. Kd2 Qg6 20. Kc1 Kh7 21. Rg2 Qf5 22. Rg5 Qf7 23. Kd2 Bh6 24. Rag1 Bd7 25. Rh5 Rg8 26. Rxg8 Kxg8 27. Rxh6 Qxf4 28. Bxf4 1-0

[Event "*** Titled Tuesday Blitz"]
[Site "Chess.com"]
[Date "2020.04.21"]
[Round "1"]
[White "dcann0n88"]
[Black "Alexander_Donchenko"]
[Result "0-1"]
[WhiteElo "2418"]
[BlackElo "2797"]
[TimeControl "180+1"]
[EndTime "10:06:19 PDT"]
[Termination "Alexander_Donchenko won by resignation"]

1. e4 Nf6 2. e5 Nd5 3. d4 d6 4. Nf3 dxe5 5. Nxe5 c6 6. Be2 Bf5 7. Nf3 e6 8. O-O Be7 9. c4 Nb4 10. Na3 O-O 11. Be3 Nd7 12. Ne1 Qc7 13. Nd3 Nxd3 14. Bxd3 Bxa3 15. Bxf5 Bd6 16. Bc2 Bxh2+ 17. Kh1 Bf4 18.
Qf3 e5 19. Bxf4 exf4 20. Rfe1 Rae8 21. Re4 Rxe4 22. Bxe4 Nf6 23. Re1 Qa5 24. Re2 Qxa2 25. Bd3 Qa4 26. Rd2 Qa5 27. Qxf4 Re8 28. Re2 Rxe2 29. Bxe2 Qe1+ 30. Bf1 Qxf1+ 31. Kh2 h6 0-1

[Event "*** Titled Tuesday Blitz"]
[Site "Chess.com"]
[Date "2020.04.21"]
[Round "1"]
[White "Misha_Bilous"]
[Black "LiemLe"]
[Result "0-1"]
[WhiteElo "2472"]
[BlackElo "3005"]
[TimeControl "180+1"]
[EndTime "10:06:20 PDT"]
[Termination "LiemLe won on time"]

1. d4 Nf6 2. c4 e6 3. Nf3 b6 4. g3 Bb7 5. Bg2 g6 6. O-O Bg7 7. Qc2 O-O 8. Nc3 d5 9. Ne5 c6 10. Rd1 Nfd7 11. Nxd7 Nxd7 12. cxd5 cxd5 13. Bf4 Rc8 14.
Qb3 a6 15. a4 Rc4 16. e3 Qe7 17. g4 Rfc8 18. h3 Qb4 19. Qxb4 Rxb4 20. Rab1 Bf8 21. Bf1 Nb8 22. Rdc1 Nc6 23. Be2 Na5 24. Bd1 Nb3 25. Bxb3 Rxb3 26. Ne2 Rc4 27. Rxc4 dxc4 28.
Nc1 Rb4 29. b3 Bd5 0-1

[Event "*** Titled Tuesday Blitz"]
[Site "Chess.com"]
[Date "2020.04.21"]
[Round "1"]
[White "DenishevM"]
[Black "Bubar"]
[Result "0-1"]
[WhiteElo "2639"]
[BlackElo "2340"]
[TimeControl "180+1"]
[EndTime "10:06:21 PDT"]
[Termination "Bubar won by resignation"]

1. d4 e6 2. Nf3 d5 3. c4 c5 4.
cxd5 exd5 5. Nc3 Nc6 6. g3 c4 7. Bg2 Bb4 8. O-O Nge7 9. a3 Ba5 10.
Ne5 O-O 11. Nxc6 bxc6 12. Na4 Bg4 13. h3 Be6 14. Nc5 Bb6 15. b4 Bxc5 16. dxc5 Qd7 17.
Kh2 a5 18. Bb2 axb4 19. axb4 Rxa1 20. Qxa1 f6 21. e4 dxe4 22. Bxe4 Bd5 23. Qb1 Bxe4 24. Qxe4 Nd5 25. Qxc4 Rb8 26. Bc3 h6 27. Re1 Qf7 28.
Rb1 Qd7 29. b5 Qf5 30. Rb2 Rxb5 31. Rxb5 Qxf2+ 32. Kh1 Qf3+ 33. Kh2 cxb5 34. Qxb5 Qf2+ 35. Kh1 Qf3+ 36. Kh2 Nxc3 37. Qe8+ Kh7 38. c6 Ne2 0-1

[Event "*** Titled Tuesday Blitz"]
[Site "Chess.com"]
[Date "2020.04.21"]
[Round "1"]
[White "Siemba"]
[Black "Astaneh"]
[Result "0-1"]
[WhiteElo "2249"]
[BlackElo "2599"]
[TimeControl "180+1"]
[EndTime "10:06:21 PDT"]
[Termination "Astaneh won on time"]

1. e4 c6 2. d4 d5 3. Nd2 dxe4 4. Nxe4 Nd7 5. Bc4 Ngf6 6. Ng5 e6 7. Qe2 Nb6 8. Bd3 h6 9. N5f3 c5 10. Ne5 cxd4 11. Ngf3 Bd7 12. Nxf7 Kxf7 13. Ne5+ Kg8 14. Ng6 Bd6 15. Nxh8 Kxh8 16. f4 Nbd5 17. O-O Qc7 18. g3 Re8 19. Bg6 Re7 20. Bd2 a6 21. Rae1 Bb5 22. Bd3 Bc6 23. g4 Bxf4 24. g5 hxg5 25. Qg2 Bxd2 26. Qh3+ Kg8 0-1

[Event "*** Titled Tuesday Blitz"]
[Site "Chess.com"]
[Date "2020.04.21"]
[Round "1"]
[White "BlueWizzard"]
[Black "Corpescador"]
[Result "1-0"]
[WhiteElo "2754"]
[BlackElo "2392"]
[TimeControl "180+1"]
[EndTime "10:06:22 PDT"]
[Termination "BlueWizzard won on time"]

1. d4 Nf6 2. Nc3 d5 3. Bf4 c5 4. e3 cxd4 5. exd4 a6 6. Nf3 Nc6 7. Ne5 Qb6 8. Nxc6 bxc6 9. Na4 Qa7 10. c4 e6 11. c5 Nd7 12. Bd3 a5 13. O-O Ba6 14.
Bxa6 Qxa6 15. Qg4 Be7 16. Qxg7 Bf6 17. Qg4 Bxd4 18. Bd6 Bf6 19. Rae1 O-O-O 20. Re3 Rdg8 21. Qf3 Rg7 22. Rb3 Bd8 23. Qc3 Rhg8 24. g3 Rg4 25. Nb6+ Bxb6 26. cxb6 Rc4 27. b7+ 1-0

[Event "*** Titled Tuesday Blitz"]
[Site "Chess.com"]
[Date "2020.04.21"]
[Round "1"]
[White "Biranidun"]
[Black "BabyBoss31"]
[Result "1-0"]
[WhiteElo "2703"]
[BlackElo "2367"]
[TimeControl "180+1"]
[EndTime "10:06:22 PDT"]
[Termination "Biranidun won by resignation"]

1. e4 e6 2. d4 d5 3. Nc3 Nf6 4. e5 Nfd7 5. f4 c5 6. Nf3 Nc6 7. Be3 a6 8. Qd2 b5 9. a3 g5 10. fxg5 cxd4 11. Nxd4 Ncxe5 12. Bd3 Bb7 13. O-O Bg7 14.
Nb3 Qc7 15. h3 O-O 16. Ne2 Nxd3 17. cxd3 e5 18. Rac1 Qd6 19. Nc5 Bc6 20. d4 Nxc5 21. Rxc5 Rad8 22. Rfc1 Bd7 23. dxe5 Qxe5 24. Rxd5 Qxb2 25.
Qxb2 Bxb2 26. Rcd1 Rfe8 27. Kf2 Rc8 28. Rxd7 Rc2 29.
R1d2 Rxd2 30. Rxd2 Be5 31. Rd5 Re6 32. Nf4 Bxf4 33.
Bxf4 Kg7 34. h4 Kg6 35. g4 Rc6 36. h5+ Kg7 37. Be5+ Kf8 38. Bf6 Rc2+ 39. Ke3 Rc3+ 40. Bxc3 1-0

[Event "*** Titled Tuesday Blitz"]
[Site "Chess.com"]
[Date "2020.04.21"]
[Round "1"]
[White "SimonKnightRivendell"]
[Black "Fighter008"]
[Result "0-1"]
[WhiteElo "1914"]
[BlackElo "2492"]
[TimeControl "180+1"]
[EndTime "10:06:22 PDT"]
[Termination "Fighter008 won by resignation"]

1. d4 Nf6 2. c4 g6 3. Nf3 Bg7 4. g3 d6 5. Bg2 O-O 6. O-O c6 7.
Nbd2 Bf5 8. Re1 Ne4 9. Nh4 Nxd2 10. Nxf5 Nxc4 11. Nxg7 Kxg7 12. b3 Nb6 13. e4 e5 14.
Bb2 Qe7 15. Rc1 N8d7 16. f4 f6 17. f5 exd4 18. Qxd4 Ne5 19. Red1 Rad8 20. h3 c5 21. Qd2 g5 22. Qe2 Qf7 23. Kh2 Rfe8 24. Rd2 h5 25. Rcd1 Nc8 26. Rd5 Kh6 27. Qd2 Nc6 28. h4 Rg8 29.
hxg5+ Rxg5 30. Bc1 Kh7 31. Qf2 Rg7 32. Qf4 Rh8 33. Bb2 Kg8 34. Qh4 Rh6 35. Rxd6 Nxd6 36.
Rxd6 Rg4 37. Qh3 Qe7 38. Bf3 Qxd6 39. Bxg4 Qd2+ 0-1

[Event "*** Titled Tuesday Blitz"]
[Site "Chess.com"]
[Date "2020.04.21"]
[Round "1"]
[White "DinaBelenkaya"]
[Black "INLOVEWITHF"]
[Result "1/2-1/2"]
[WhiteElo "2213"]
[BlackElo "2555"]
[TimeControl "180+1"]
[EndTime "10:06:23 PDT"]
[Termination "Game drawn by repetition"]

1. e4 e5 2. Nf3 Nc6 3. d4 exd4 4. Nxd4 Nf6 5. Nxc6 bxc6 6. Bd3 d5 7. exd5 cxd5 8.
O-O Bd6 9. Re1+ Be6 10. Bf5 O-O 11.
Bxe6 fxe6 12. Bg5 h6 13. Bh4 g5 14. Bg3 Bxg3 15. hxg3 Ne4 16. Nd2 Nxd2 17. Qxd2 Qf6 18. c3 c5 19. Re3 d4 20. Re4 e5 21. Rae1 Rae8 22. f3 Rf7 23. Qe2 Rfe7 24. Qc4+ Qe6 25. Qxc5 Qxa2 26. Rxe5 Rxe5 27. Rxe5 Rxe5 28. Qxe5 Qb1+ 29.
Kh2 d3 30. Qe8+ Kg7 31. Qe7+ Kg6 32. Qe6+ Kg7 33. Qe7+ Kg6 34. Qe6+ Kg7 35. Qe7+ 1/2-1/2

[Event "*** Titled Tuesday Blitz"]
[Site "Chess.com"]
[Date "2020.04.21"]
[Round "1"]
[White "tan275"]
[Black "Chess_Boxer123"]
[Result "0-1"]
[WhiteElo "2147"]
[BlackElo "2540"]
[TimeControl "180+1"]
[EndTime "10:06:23 PDT"]
[Termination "Chess_Boxer123 won by resignation"]

1. d4 d5 2. c4 c6 3. Nc3 Nf6 4. e3 e6 5. Nf3 Nbd7 6. Qc2 Bd6 7.
Bd3 O-O 8. O-O e5 9. cxd5 cxd5 10. dxe5 Nxe5 11. Nxe5 Bxe5 12. h3 h6 13. Nb5 Bd7 14.
Nd4 Qb6 15. Rd1 Rac8 16. Qe2 Rfe8 17. Qf3 Ne4 18. Rb1 Bxd4 19. exd4 Bb5 20. Bf4 Bxd3 21.
Qxd3 Rc4 22. b3 Rc3 23. Qe2 Rec8 24. Rbc1 Rxc1 25. Rxc1 Rxc1+ 26. Bxc1 Qxd4 27. Be3 Qa1+ 28. Kh2 Qe5+ 29. g3 Nxg3 30. f4 Qxf4 31. Bxf4 Nxe2 0-1

[Event "*** Titled Tuesday Blitz"]
[Site "Chess.com"]
[Date "2020.04.21"]
[Round "1"]
[White "HouseOfDurin"]
[Black "DoHoChess"]
[Result "0-1"]
[WhiteElo "2084"]
[BlackElo "2513"]
[TimeControl "180+1"]
[EndTime "10:06:24 PDT"]
[Termination "DoHoChess won by checkmate"]

1. d4 Nf6 2. Bg5 d5 3. Bxf6 gxf6 4. e3 c5 5. c4 cxd4 6. Qxd4 dxc4 7. Qxd8+ Kxd8 8.
Bxc4 e6 9. Nc3 Nc6 10. O-O-O+ Ke8 11. Nb5 Rb8 12. Nf3 a6 13. Nbd4 Bd7 14. Kb1 Rg8 15.
g3 f5 16. Rhe1 Rc8 17. Bb3 Bb4 18. Re2 Na5 19. a3 Nxb3 20. axb4 Nxd4 21. Rxd4 Bc6 22. Ne5 Be4+ 23. Ka2 Bd5+ 24. Kb1 Be4+ 25. Ka2 Rc1 26.
Red2 Bd5+ 27. b3 Ke7 28. Kb2 Rgc8 29. Nc4 Rh1 30. h4 Rc6 31. Ne5 Rcc1 32. Nd3 Rb1+ 33.
Kc2 Bxb3+ 34. Kc3 Bd5 35. Rc2 Rhd1 36. Nf4 Rb3# 0-1

[Event "*** Titled Tuesday Blitz"]
[Site "Chess.com"]
[Date "2020.04.21"]
[Round "1"]
[White "gvanna"]
[Black "Gabix_94"]
[Result "1-0"]
[WhiteElo "2452"]
[BlackElo "2815"]
[TimeControl "180+1"]
[EndTime "10:06:25 PDT"]
[Termination "gvanna won by resignation"]

1. e4 c5 2. Nf3 e6 3. d4 cxd4 4. Nxd4 Nc6 5. Nxc6 bxc6 6. Bd3 d5 7. O-O Nf6 8. Nd2 Qc7 9. c4 Bd6 10. h3 O-O 11.
Qe2 a5 12. Re1 e5 13. exd5 cxd5 14. cxd5 Bb7 15. Nc4 Rfe8 16. Bg5 Nxd5 17. Nxd6 Qxd6 18. Bb5 Qg6 19. Bxe8 Qxg5 20. Qxe5 Qg6 21. Bb5 Ne3 22. Bf1 Bxg2 23. Rxe3 Bxf1+ 24. Rg3 Qh6 25. Rxf1 Rf8 26.
Qxa5 Qf4 27. Qg5 Qd4 28. Re1 g6 29. b3 Ra8 30. a4 Rb8 31. Rge3 Qd7 32. Qg4 Qc6 33.
Qc4 Qd7 34. Re7 Qf5 35. Re8+ Rxe8 36. Rxe8+ Kg7 37. Qd4+ Kh6 38. Qe3+ g5 39. Re5 Qf6 40. h4 1-0

[Event "*** Titled Tuesday Blitz"]
[Site "Chess.com"]
[Date "2020.04.21"]
[Round "1"]
[White "lilleper1"]
[Black "ChadBiryani"]
[Result "1-0"]
[WhiteElo "2722"]
[BlackElo "2379"]
[TimeControl "180+1"]
[EndTime "10:06:25 PDT"]
[Termination "lilleper1 won by checkmate"]

1. e4 c5 2. Nf3 d6 3. d4 cxd4 4. Nxd4 Nf6 5. Nc3 g6 6. Be3 Bg7 7. f3 O-O 8. Qd2 Nc6 9. Bc4 Ne5 10. Bb3 Bd7 11. O-O-O Rc8 12. Kb1 Nc4 13. Bxc4 Rxc4 14. g4 b5 15. b3 Rc5 16. Ne6 fxe6 17. Bxc5 dxc5 18. e5 Qa8 19. exf6 Bxf6 20. Ne4 Bc6 21. Nxf6+ exf6 22. Qe3 Bd5 23. Rhf1 c4 24. f4 cxb3 25. axb3 Rc8 26. Rf2 b4 27. f5 Rc3 28. Qd4 gxf5 29.
gxf5 Qc6 30. fxe6 Be4 31. Rg1+ Kf8 32. Qxf6+ Ke8 33. Qf8# 1-0

[Event "*** Titled Tuesday Blitz"]
[Site "Chess.com"]
[Date "2020.04.21"]
[Round "1"]
[White "Triumphmate"]
[Black "Olga_Zhuravleva"]
[Result "1-0"]
[WhiteElo "2577"]
[BlackElo "2219"]
[TimeControl "180+1"]
[EndTime "10:06:25 PDT"]
[Termination "Triumphmate won by resignation"]

1. e4 e5 2. Nf3 Nc6 3. Nc3 Nf6 4. Bb5 Bb4 5. O-O Bxc3 6. bxc3 d6 7. d4 Bg4 8. Bg5 O-O 9. h3 Bxf3 10. Qxf3 exd4 11. Bxc6 bxc6 12. cxd4 Re8 13. Rae1 h6 14. Bh4 g5 15.
Bg3 Kg7 16. e5 dxe5 17. Bxe5 Re6 18. h4 Qd5 19. Qf5 gxh4 20. Re4 Rg8 21. c4 Qd8 22. d5 cxd5 23. cxd5 Rb6 24. d6 Rxd6 25. Bxd6 Nxe4 26. Be5+ f6 27. Qxe4 fxe5 28. Qxe5+ Kh7 29. Rc1 Rg7 30. Rc6 Qd1+ 31. Kh2 Qg4 32. Qd5 Qf4+ 33. Kg1 h3 34. Qd3+ Kh8 35. Qxh3 Kh7 36. Qd3+ Kh8 37. Qe3 Qg4 38. Rxh6+ Rh7 39. Qe5+ Qg7 40. Qxg7+ Kxg7 41. Rxh7+ Kxh7 42. Kf1 Kg6 43. Ke2 Kf5 44. Kd3 Ke5 45.
f3 Kd5 46. g4 c5 47. g5 1-0

[Event "*** Titled Tuesday Blitz"]
[Site "Chess.com"]
[Date "2020.04.21"]
[Round "1"]
[White "hedgehog280"]
[Black "WelshTiger"]
[Result "0-1"]
[WhiteElo "2659"]
[BlackElo "2364"]
[TimeControl "180+1"]
[EndTime "10:06:26 PDT"]
[Termination "WelshTiger won by checkmate"]

1. c4 c5 2. Nf3 Nf6 3. Nc3 d5 4. cxd5 Nxd5 5. d4 Nxc3 6. bxc3 g6 7. e4 Bg7 8. Bb5+ Bd7 9. Bd3 O-O 10. Rb1 Qa5 11. Bd2 Bc8 12. h4 cxd4 13. cxd4 Qh5 14. Be2 Qg4 15. Ng5 Qd7 16. d5 h6 17. Nf3 e6 18. h5 g5 19. Nxg5 hxg5 20. h6 Bf6 21.
Bb5 Qc7 22. Qg4 exd5 23. Qf3 Qe5 24. O-O dxe4 25. Qh5 g4 26. Qh1 Nc6 27. h7+ Kh8 28. Bxc6 bxc6 29. Rfc1 g3 30. Be3 gxf2+ 31. Bxf2 e3 32.
Be1 Bf5 33. Bc3 Qe6 34. Bxf6+ Qxf6 35. Rb2 Qxb2 36. Rf1 e2 37. Re1 Qd4+ 38. Kh2 Qh4+ 39. Kg1 Qxe1+ 40. Kh2 Qh4+ 41. Kg1 e1=Q# 0-1

[Event "*** Titled Tuesday Blitz"]
[Site "Chess.com"]
[Date "2020.04.21"]
[Round "1"]
[White "gurelediz"]
[Black "Jenia84"]
[Result "1/2-1/2"]
[WhiteElo "2609"]
[BlackElo "2292"]
[TimeControl "180+1"]
[EndTime "10:06:26 PDT"]
[Termination "Game drawn by repetition"]

1. e4 e5 2. Nf3 Nc6 3. Bb5 Nf6 4. O-O Nxe4 5. Re1 Nd6 6. Nxe5 Nxe5 7. Rxe5+ Be7 8. Bf1 O-O 9. d4 Ne8 10. Nc3 c6 11. d5 Bf6 12. Re1 Bxc3 13. bxc3 cxd5 14.
Ba3 d6 15. Qxd5 Be6 16. Qxb7 Nf6 17. Rad1 Qa5 18. Bxd6 Rfc8 19. Bb4 Qxa2 20. Ra1 Qxc2 21. Rxa7 Rab8 22. Qa6 Ne4 23. Re2 Qb1 24. Rb7 Ra8 25. Ra7 Rab8 26. Rb7 Ra8 27. Ra7 Rab8 1/2-1/2

[Event "*** Titled Tuesday Blitz"]
[Site "Chess.com"]
[Date "2020.04.21"]
[Round "1"]
[White "RU_B9"]
[Black "Riptide27"]
[Result "0-1"]
[WhiteElo "1769"]
[BlackElo "2484"]
[TimeControl "180+1"]
[EndTime "10:06:27 PDT"]
[Termination "Riptide27 won on time"]

1. c4 e6 2. Nc3 d5 3. e3 Nf6 4.
Nf3 b6 5. b3 Bb7 6. Bb2 c5 7.
cxd5 exd5 8. d4 Be7 9. Bd3 O-O 10. O-O Nc6 11. dxc5 bxc5 12. Qe2 Qa5 13. Rfd1 Rfe8 14. Rac1 Rad8 15. a3 Bf8 16. Qc2 d4 17. exd4 Nxd4 18.
Nxd4 cxd4 19. Ne2 Bxa3 20. Ra1 Qg5 21. Ng3 Bc5 22. h4 Qxh4 23. Qxc5 Ng4 24. Qh5 Qxh5 25. Nxh5 Bd5 26. f3 Ne3 27. Rd2 Bxb3 0-1

[Event "*** Titled Tuesday Blitz"]
[Site "Chess.com"]
[Date "2020.04.21"]
[Round "1"]
[White "Phriex"]
[Black "Shield12"]
[Result "0-1"]
[WhiteElo "2461"]
[BlackElo "2919"]
[TimeControl "180+1"]
[EndTime "10:06:28 PDT"]
[Termination "Shield12 won by resignation"]

1. d4 Nf6 2. c4 e6 3. Nc3 Bb4 4. Qc2 O-O 5. a3 Bxc3+ 6. Qxc3 b6 7. Bg5 c5 8. dxc5 bxc5 9. e3 d6 10. Bd3 Nbd7 11. Ne2 Rb8 12. O-O Qb6 13. Rab1 a5 14. Rfd1 Ba6 15. Bc2 h6 16. Bf4 e5 17. Bg3 d5 18. Bxe5 Nxe5 19. Qxe5 Bxc4 20. Nf4 Rfe8 21. Qf5 d4 22. exd4 cxd4 23. Bd3 Bxd3 24. Qxd3 a4 25. h3 Re5 26. Ne2 Rd5 27. Qc4 Rbd8 28. Qxa4 d3 29. Nc3 Rd4 30. Qb5 Qd6 31. Rd2 g6 32. Rbd1 Nh5 33. Qa5 Nf4 34. b4 Qc6 35. f3 Qxc3 0-1

[Event "*** Titled Tuesday Blitz"]
[Site "Chess.com"]
[Date "2020.04.21"]
[Round "1"]
[White "Egorov_Pavel"]
[Black "kleinebeer98"]
[Result "0-1"]
[WhiteElo "2374"]
[BlackElo "2713"]
[TimeControl "180+1"]
[EndTime "10:06:28 PDT"]
[Termination "kleinebeer98 won by checkmate"]

1. d4 d5 2. c4 Nc6 3. Nc3 Nf6 4. Nf3 dxc4 5. d5 Na5 6. Qa4+ c6 7. b4 cxb3 8. axb3 e6 9. Bd2 Nxb3 10. Qxb3 exd5 11. e3 Bd6 12. Bd3 O-O 13. O-O Re8 14. Ne2 Ne4 15. Bxe4 Rxe4 16. Bc3 a5 17. Ng3 Rc4 18.
Qb2 f6 19. h3 b5 20. Nh5 Qe8 21. Nxg7 Kxg7 22. Bxf6+ Kg8 23. Bh8 Qg6 24. Bd4 Bxh3 25. Kh1 Qxg2# 0-1

[Event "*** Titled Tuesday Blitz"]
[Site "Chess.com"]
[Date "2020.04.21"]
[Round "1"]
[White "reniite"]
[Black "Trankuilizer"]
[Result "0-1"]
[WhiteElo "1939"]
[BlackElo "2493"]
[TimeControl "180+1"]
[EndTime "10:06:28 PDT"]
[Termination "Trankuilizer won on time"]

1. e4 e5 2. Nf3 Nc6 3. Nc3 Nf6 4. Bb5 Nd4 5. Nxd4 exd4 6. e5 dxc3 7. exf6 Qxf6 8.
dxc3 c6 9. Bd3 d5 10. O-O Be6 11. Bd2 Bd6 12. Qh5 h6 13. Rfe1 O-O-O 14. c4 dxc4 15.
Bc3 Qg5 16. Qxg5 hxg5 17. Be4 Bxh2+ 18. Kf1 Bc7 19. Bxg7 Rh1+ 20. Ke2 Rxe1+ 21. Rxe1 Re8 22.
Kf3 g4+ 23. Ke3 f5 0-1